Wolves vs Senators

Created - Saturday, December 05, 2015 at 02:02

Goals
1 2 3 OT1 SO T
Wolves 0 1 0 0 0 1
Senators 1 0 0 0 1 2
Shots
1 2 3 OT1 SO T
Wolves 11 11 9 2 3 33
Senators 5 4 4 0 2 13

1st period

1. Senators , Connor Brown 1 (Unassisted) at 11:06

Penalties :
Joe Finley (BIN) for Fighting (Major) at 2:13, Marek Tvrdon (CHI) for Fighting (Major) at 2:13, Adam Pelech (CHI) for Goalie Interference (Minor) at 7:16, Philip McRae (BIN) for Fighting (Major) at 11:44, Marek Tvrdon (CHI) for Fighting (Major) at 11:44, Joe Finley (BIN) for Holding Stick (Minor) at 12:56, Ryan Reaves (CHI) for Hooking (Minor) at 16:04

2nd period

2. Wolves , Ryan Reaves 10 (Joakim Nordstrom, Joe Piskula) at 2:27 (PP)

Penalties :
Stefan Noesen (BIN) for Slashing (Minor) at 1:53, Kenny Ryan (BIN) for Fighting (Major) at 7:57, Ryan Reaves (CHI) for Fighting (Major) at 7:57, Joe Whitney (CHI) for Diving (Minor) at 11:57, Mike Brown (BIN) for Holding (Minor) at 18:42

3rd period

No Goal

Penalties :
Mike Brown (BIN) for Roughing (Minor) at 1:33, Stefan Noesen (BIN) for Holding (Minor) at 11:31, Greg Nemisz (BIN) for Fighting (Major) at 13:51, Eric Baier (CHI) for Fighting (Major) at 13:51, Joe Finley (BIN) for Hooking (Minor) at 14:35, Ryan Reaves (CHI) for Roughing (Minor) at 17:40

Overtime #1

No Goal

Penalties :
No Penalty

Shootout

Penalty Shot by Ryan Reaves for Wolves - Stopped by Jean-Francois Berube
Penalty Shot by Colin Greening for Senators - Goal!
Penalty Shot by Joakim Nordstrom for Wolves - Stopped by Jean-Francois Berube
Penalty Shot by Ryan Craig for Senators - Shot Misses the Net
Penalty Shot by Brian O'Neill for Wolves - Stopped by Jean-Francois Berube

Penalties :
No Penalty

Goalie Stats

Evgeni Nabokov (CHI), 3 saves from 3 shots - (1.000), OTL, 10-1-3, 16:41 minutes
Jared Coreau (CHI), 9 saves from 10 shots - (0.900), 48:19 minutes
Jean-Francois Berube (BIN), 32 saves from 33 shots - (0.970), W, 11-9-6, 65:00 minutes

Players Stats for Wolves

Player Name              G  A  P  +/- PIM S  H  SB GA TA FO     MP     PP MP  PK MP  
------------------------------------------------------------------------------------
Adam Pelech              0  0  0   0  2   0  0  1  0  0  0/0    12:47   0:00   0:00 
Andre Benoit             0  0  0  -1  0   3  0  0  3  1  0/0    29:48   6:07   5:08 
Blair Jones              0  0  0   0  0   5  7  0  2  1  3/3    20:31   6:01   3:19 
Brian O'Neill            0  0  0   0  0   2  1  0  2  1  1/2    18:32   4:28   1:22 
Colton Sissons           0  0  0   0  0   0  4  0  0  0  9/13   17:10   4:28   0:00 
Eric Baier               0  0  0   0  5   2  0  0  0  0  0/0    11:50   0:00   0:06 
Evan Rankin              0  0  0  -1  0   1  0  1  1  0  4/5    10:37   0:00   3:37 
Joakim Nordstrom         0  1  1   0  0   1  0  0  3  0  6/12   22:52   6:01   5:20 
Joe Piskula              0  1  1   0  0   0  2  0  1  1  0/0    22:33   4:22   2:48 
Joe Whitney              0  0  0   0  2   4  0  0  3  0  0/0    18:58   4:28   1:09 
Josh Anderson            0  0  0   0  0   1  0  0  0  0  0/0    13:28   0:00   0:00 
Kevin Lynch              0  0  0  -1  0   0  1  0  0  0  2/6     5:14   0:00   0:00 
Marek Tvrdon             0  0  0   0  10  4  2  1  2  1  1/1    13:47   0:00   0:02 
Matt Donovan             0  0  0  -1  0   4  0  1  3  2  0/0    29:48   6:07   5:08 
Ryan Reaves              1  0  1  -1  9   2  2  0  3  1  1/5    21:32   6:01   1:19 
Ryan Sproul              0  0  0   0  0   1  1  1  1  0  0/0    23:26   4:22   2:48 
Scott Kosmachuk          0  0  0   0  0   1  2  0  1  0  0/0     5:52   0:00   0:00 
Sebastian Wannstrom      0  0  0   0  0   2  1  0  1  0  1/8    13:28   0:00   0:00 

Players Stats for Senators

Player Name              G  A  P  +/- PIM S  H  SB GA TA FO     MP     PP MP  PK MP  
------------------------------------------------------------------------------------
Colin Greening           0  0  0   0  0   3  2  4  2  3  6/12   27:03   2:33   6:56 
Colton Orr               0  0  0   0  0   0  1  0  0  0  0/1     6:46   2:41   0:00 
Connor Brown             1  0  1   0  0   0  0  0  1  2  1/4     7:07   0:00   2:00 
Darcy Zajac              0  0  0   0  0   0  1  0  0  0  2/3     6:36   0:00   0:47 
Evan Trupp               0  0  0   0  0   3  1  0  4  0  6/10   12:47   0:00   0:00 
Greg Nemisz              0  0  0   1  5   2  1  0  2  1  0/0    14:12   3:31   0:00 
Griffin Reinhart         0  0  0   0  0   0  3  4  0  2  0/0    29:49   3:41   5:46 
Jesse Blacker            0  0  0   0  0   0  2  3  0  1  0/0    29:49   3:41   5:46 
Joe Finley               0  0  0   0  9   0  2  0  0  1  0/0    20:37   4:15   3:32 
Josh Leivo               0  0  0   1  0   1  2  1  1  1  0/2    20:08   3:47   2:18 
Kenny Ryan               0  0  0   0  5   0  1  0  0  0  2/2    14:52   1:14   0:00 
Matt Finn                0  0  0   0  0   0  1  1  0  1  0/0    12:21   0:00   0:00 
Mike Brown               0  0  0   0  4   0  6  1  3  0  0/1    17:07   2:55   1:22 
Philip McRae             0  0  0   1  5   1  1  0  0  1  7/11   14:23   3:20   0:00 
Ryan Craig               0  0  0   0  0   1  1  2  1  0  3/9    23:55   3:47   7:35 
Stefan Noesen            0  0  0   0  4   1  0  0  2  1  0/0    12:54   0:00   0:00 
Tom Nilsson              0  0  0   0  0   0  0  0  0  2  0/0    14:31   0:00   1:11 
Viktor Loov              0  0  0   1  0   1  1  2  0  2  0/0    24:18   4:15   4:43 

3 Stars

1 - Jean-Francois Berube (BIN)
2 - Connor Brown (BIN)
3 - Blair Jones (CHI)

Power Play

Wolves - 1 on 7 Attempt(s) - 14.29%
Senators - 0 on 4 Attempt(s) - 0.00%

Penalty Kill

Wolves - 4 on 4 Attempt(s) - 100.00% - Score 0 goal in Penalty Kill
Senators - 6 on 7 Attempt(s) - 85.71% - Score 0 goal in Penalty Kill

Team Stat

Wolves - Hits : 23 - Faceoff Wins : 28 - Blocked Shots : 5 - Penalty Minutes : 28
Senators - Hits : 26 - Faceoff Wins : 27 - Blocked Shots : 18 - Penalty Minutes : 32

Official

Referees : Unknown
Linesman : Unknown

Game Notes

Marek Tvrdon beats up Joe Finley at 2:13 of 1st period
11:06 of 1st period - Penalty Shot by Connor Brown for Senators - Goal!
Philip McRae beats up Marek Tvrdon at 11:44 of 1st period
2:27 of 2nd period - Wolves goal is going for a video replay. After video review, Goal.
Kenny Ryan and Ryan Reaves fight to a draw at 7:57 of 2nd period
Jared Coreau is injured at 8:19 of 3rd period (Torn Right Knee Ligaments)
Evgeni Nabokov enters game at 8:19 of 3rd period
Greg Nemisz and Eric Baier fight to a draw at 13:51 of 3rd period

Finance

Level 1 -- Attendance: 1363 (68.15%) -- Ticket Income $47,705
Level 2 -- Attendance: 690 (69.00%) -- Ticket Income $10,350
Total Attendance: 2053 (68.43%)
Total Ticket Income: $58,055
Other Income: $28,447
Total Income: $86,502

Wolves

5 vs 5 Forward 
   Center                   Left Wing                Right Wing               Time % Phy DF OF 
 1 Joakim Nordstrom         Blair Jones              Ryan Reaves              35     1   2  2  
 2 Colton Sissons           Joe Whitney              Brian O'Neill            30     1   2  2  
 3 Sebastian Wannstrom      Josh Anderson            Marek Tvrdon             22     1   2  2  
 4 Kevin Lynch              Ryan Reaves              Evan Rankin              13     1   2  2  

5 vs 5 Defense 
   Defense                  Defense                                           Time % Phy DF OF 
 1 Andre Benoit             Matt Donovan                                      35     1   2  2  
 2 Ryan Sproul              Joe Piskula                                       30     1   2  2  
 3 Eric Baier               Adam Pelech                                       22     1   2  2  
 4 Andre Benoit             Matt Donovan                                      13     1   2  2  

PowerPlay Forward 
   Center                   Left Wing                Right Wing               Time % Phy DF OF 
 1 Joakim Nordstrom         Blair Jones              Ryan Reaves              60     1   2  2  
 2 Colton Sissons           Joe Whitney              Brian O'Neill            40     1   2  2  

PowerPlay Defense
   Defense                  Defense                                           Time % Phy DF OF 
 1 Andre Benoit             Matt Donovan                                      60     1   2  2  
 2 Ryan Sproul              Joe Piskula                                       40     1   2  2  

Penalty Kill 4 Players Forward 
   Center                   Wing                     Time % Phy DF OF 
 1 Ryan Reaves              Joakim Nordstrom         60     1   2  2  
 2 Brian O'Neill            Blair Jones              40     1   2  2  

Penalty Kill 4 Players Defense
   Defense                  Defense                  Time % Phy DF OF 
 1 Andre Benoit             Matt Donovan             60     1   2  2  
 2 Ryan Sproul              Joe Piskula              40     1   2  2  

Penalty Kill - 3 Players Forward 
   Forward                                           Time % Phy DF OF 
 1 Ryan Reaves                                       60     1   2  2  
 2 Joakim Nordstrom                                  40     1   2  2  

Penalty Kill - 3 Players Defense
   Defense                  Defense                  Time % Phy DF OF 
 1 Andre Benoit             Matt Donovan             60     1   2  2  
 2 Ryan Sproul              Joe Piskula              40     1   2  2  

4 vs 4 Forward 
   Center                   Wing                     Time % Phy DF OF 
 1 Ryan Reaves              Joakim Nordstrom         60     1   2  2  
 2 Brian O'Neill            Blair Jones              40     1   2  2  

4 vs 4 Defense
   Defense                  Defense                  Time % Phy DF OF 
 1 Andre Benoit             Matt Donovan             60     1   2  2  
 2 Ryan Sproul              Joe Piskula              40     1   2  2  

Last Minutes Offensive
   Center                   Left Wing                Right Wing               Defense                  Defense                  
   Joakim Nordstrom         Blair Jones              Ryan Reaves              Andre Benoit             Matt Donovan             

Last Minutes Defensive
   Center                   Left Wing                Right Wing               Defense                  Defense                  
   Joakim Nordstrom         Blair Jones              Ryan Reaves              Andre Benoit             Matt Donovan             

Goaltenders
Starting : Jared Coreau             
Backup : Evgeni Nabokov           

Extra Forwards
Normal : Scott Kosmachuk, Marek Tvrdon, Evan Rankin - PP : Scott Kosmachuk, Marek Tvrdon - PK : Evan Rankin
Extra Defensemen
Normal : Eric Baier, Adam Pelech, Ryan Sproul - PP : Eric Baier - PK : Adam Pelech, Ryan Sproul
Penalty Shots
Ryan Reaves, Joakim Nordstrom, Brian O'Neill, Blair Jones, Colton Sissons

Senators

5 vs 5 Forward 
   Center                   Left Wing                Right Wing               Time % Phy DF OF 
 1 Ryan Craig               Colin Greening           Mike Brown               35     1   2  2  
 2 Philip McRae             Josh Leivo               Greg Nemisz              30     1   2  2  
 3 Evan Trupp               Stefan Noesen            Kenny Ryan               22     1   2  2  
 4 Darcy Zajac              Colin Greening           Connor Brown             13     1   2  2  

5 vs 5 Defense 
   Defense                  Defense                                           Time % Phy DF OF 
 1 Jesse Blacker            Griffin Reinhart                                  35     1   2  2  
 2 Joe Finley               Viktor Loov                                       30     1   2  2  
 3 Matt Finn                Tom Nilsson                                       22     1   2  2  
 4 Jesse Blacker            Griffin Reinhart                                  13     1   2  2  

PowerPlay Forward 
   Center                   Left Wing                Right Wing               Time % Phy DF OF 
 1 Ryan Craig               Colin Greening           Mike Brown               60     1   2  2  
 2 Philip McRae             Josh Leivo               Greg Nemisz              40     1   2  2  

PowerPlay Defense
   Defense                  Defense                                           Time % Phy DF OF 
 1 Jesse Blacker            Griffin Reinhart                                  60     1   2  2  
 2 Joe Finley               Viktor Loov                                       40     1   2  2  

Penalty Kill 4 Players Forward 
   Center                   Wing                     Time % Phy DF OF 
 1 Colin Greening           Ryan Craig               60     1   2  2  
 2 Mike Brown               Josh Leivo               40     1   2  2  

Penalty Kill 4 Players Defense
   Defense                  Defense                  Time % Phy DF OF 
 1 Jesse Blacker            Griffin Reinhart         60     1   2  2  
 2 Joe Finley               Viktor Loov              40     1   2  2  

Penalty Kill - 3 Players Forward 
   Forward                                           Time % Phy DF OF 
 1 Colin Greening                                    60     1   2  2  
 2 Ryan Craig                                        40     1   2  2  

Penalty Kill - 3 Players Defense
   Defense                  Defense                  Time % Phy DF OF 
 1 Jesse Blacker            Griffin Reinhart         60     1   2  2  
 2 Joe Finley               Viktor Loov              40     1   2  2  

4 vs 4 Forward 
   Center                   Wing                     Time % Phy DF OF 
 1 Colin Greening           Ryan Craig               60     1   2  2  
 2 Mike Brown               Josh Leivo               40     1   2  2  

4 vs 4 Defense
   Defense                  Defense                  Time % Phy DF OF 
 1 Jesse Blacker            Griffin Reinhart         60     1   2  2  
 2 Joe Finley               Viktor Loov              40     1   2  2  

Last Minutes Offensive
   Center                   Left Wing                Right Wing               Defense                  Defense                  
   Ryan Craig               Colin Greening           Mike Brown               Jesse Blacker            Griffin Reinhart         

Last Minutes Defensive
   Center                   Left Wing                Right Wing               Defense                  Defense                  
   Ryan Craig               Colin Greening           Mike Brown               Jesse Blacker            Griffin Reinhart         

Goaltenders
Starting : Jean-Francois Berube     
Backup : Cedrick Desjardins       

Extra Forwards
Normal : Colton Orr, Kenny Ryan, Connor Brown - PP : Colton Orr, Kenny Ryan - PK : Connor Brown
Extra Defensemen
Normal : Matt Finn, Tom Nilsson, Joe Finley - PP : Matt Finn - PK : Tom Nilsson, Joe Finley
Penalty Shots
Colin Greening, Ryan Craig, Mike Brown, Josh Leivo, Greg Nemisz

% Time on Ice - Wolves

Lines # - Real PCT - Wanted PCT - Time Play
Normal Forward
1 - 24% - 35% - 10:10
2 - 31% - 30% - 12:43
3 - 32% - 22% - 13:28
4 - 13% - 13% - 5:14
Normal Defense
1 - 32% - 35% - 13:16
2 - 31% - 30% - 13:01
3 - 30% - 22% - 12:38
4 - 6% - 13% - 2:40
PP Forward
1 - 57% - 60% - 6:01
2 - 43% - 40% - 4:28
PP Defense
1 - 58% - 60% - 6:07
2 - 42% - 40% - 4:22
PK Forward
1 - 83% - 60% - 6:34
2 - 17% - 40% - 1:22
PK Defense
1 - 65% - 60% - 5:08
2 - 35% - 40% - 2:48
PK3 Forward
1 - 0% - 60%
2 - 0% - 40%
PK3 Defense
1 - 0% - 60%
2 - 0% - 40%
44 Forward
1 - 100% - 60% - 5:00
2 - 0% - 40% - 0:00
44 Defense
1 - 53% - 60% - 2:38
2 - 47% - 40% - 2:22
Last Minute Offensive  - 0:00
Last Minute Defensive  - 0:00
Total
Forward - 65:00
Defense - 65:00

% Time on Ice - Senators

Lines # - Real PCT - Wanted PCT - Time Play
Normal Forward
1 - 24% - 35% - 9:49
2 - 33% - 30% - 13:52
3 - 31% - 22% - 12:47
4 - 12% - 13% - 5:07
Normal Defense
1 - 36% - 35% - 15:06
2 - 31% - 30% - 12:59
3 - 26% - 22% - 10:52
4 - 6% - 13% - 2:38
PP Forward
1 - 48% - 60% - 3:47
2 - 52% - 40% - 4:09
PP Defense
1 - 46% - 60% - 3:41
2 - 54% - 40% - 4:15
PK Forward
1 - 78% - 60% - 8:11
2 - 22% - 40% - 2:18
PK Defense
1 - 55% - 60% - 5:46
2 - 45% - 40% - 4:43
PK3 Forward
1 - 0% - 60%
2 - 0% - 40%
PK3 Defense
1 - 0% - 60%
2 - 0% - 40%
44 Forward
1 - 84% - 60% - 4:13
2 - 16% - 40% - 0:47
44 Defense
1 - 53% - 60% - 2:39
2 - 47% - 40% - 2:21
Last Minute Offensive  - 0:00
Last Minute Defensive  - 0:00
Total
Forward - 65:00
Defense - 65:00

Play by Play

1st period


0:01 of 1st period - Joakim Nordstrom wins face-off versus Ryan Craig in neutral zone.
0:32 of 1st period - Slapshot by Andre Benoit.
0:32 of 1st period - Stopped by Jean-Francois Berube with a rebound.
0:52 of 1st period - Jesse Blacker is hit by Colton Sissons and loses puck.
1:03 of 1st period - Snap shot by Greg Nemisz.
1:03 of 1st period - Shot Misses the Net.
1:16 of 1st period - Matt Finn is hit by Brian O'Neill and loses puck.
1:35 of 1st period - Slapshot by Stefan Noesen.
1:35 of 1st period - Stopped by Jared Coreau without a rebound.
1:36 of 1st period - Evan Trupp wins face-off versus Sebastian Wannstrom in Wolves zone.
1:54 of 1st period - Wrist shot by Evan Trupp.
1:54 of 1st period - Stopped by Jared Coreau with a rebound.
2:13 of 1st period - Marek Tvrdon beats up Joe Finley.
2:13 of 1st period - Penalty to Joe Finley for Fighting.
2:13 of 1st period - Penalty to Marek Tvrdon for Fighting.
2:14 of 1st period - Darcy Zajac wins face-off versus Kevin Lynch in Wolves zone.
3:06 of 1st period - Viktor Loov is hit by Colton Sissons and loses puck.
3:15 of 1st period - Snap shot by Brian O'Neill.
3:15 of 1st period - Stopped by Jean-Francois Berube with a rebound.
3:48 of 1st period - Matt Donovan is hit by Griffin Reinhart and loses puck.
3:55 of 1st period - Slapshot by Andre Benoit.
3:55 of 1st period - Stopped by Jean-Francois Berube with a rebound.
3:57 of 1st period - Slapshot by Andre Benoit.
3:57 of 1st period - Deflect By Scott Kosmachuk.
3:57 of 1st period - Stopped by Jean-Francois Berube without a rebound.
3:58 of 1st period - Joakim Nordstrom wins face-off versus Philip McRae in Senators zone.
4:04 of 1st period - Slapshot by Ryan Sproul.
4:04 of 1st period - Stopped by Jean-Francois Berube without a rebound.
4:05 of 1st period - Kenny Ryan wins face-off versus Ryan Reaves in Senators zone.
4:28 of 1st period - Slapshot by Blair Jones.
4:28 of 1st period - Shot Misses the Net.
6:27 of 1st period - Colton Sissons is hit by Greg Nemisz and loses puck.
6:52 of 1st period - Ryan Sproul is hit by Mike Brown.
7:04 of 1st period - Snap shot by Blair Jones.
7:04 of 1st period - Deflect By Ryan Reaves.
7:04 of 1st period - Stopped by Jean-Francois Berube with a rebound.
7:16 of 1st period - Minor Penalty to Adam Pelech for Goalie Interference.
7:17 of 1st period - Philip McRae wins face-off versus Ryan Reaves in Wolves zone.
9:16 of 1st period - Penalty to Adam Pelech is over, Adam Pelech is back on ice.
9:20 of 1st period - Ryan Sproul is hit by Mike Brown and loses puck.
9:25 of 1st period - Snap shot by Colin Greening.
9:25 of 1st period - Stopped by Jared Coreau without a rebound.
9:26 of 1st period - Sebastian Wannstrom wins face-off versus Ryan Craig in Wolves zone.
9:31 of 1st period - Wrist shot by Marek Tvrdon.
9:31 of 1st period - Stopped by Jean-Francois Berube with a rebound.
9:33 of 1st period - Snap shot by Josh Anderson.
9:33 of 1st period - Shot Blocked by Ryan Craig.
9:35 of 1st period - Wrist shot by Adam Pelech.
9:35 of 1st period - Deflect By Sebastian Wannstrom.
9:35 of 1st period - Stopped by Jean-Francois Berube without a rebound.
9:36 of 1st period - Evan Trupp wins face-off versus Sebastian Wannstrom in Senators zone.
9:41 of 1st period - Marek Tvrdon is hit by Evan Trupp and loses puck.
10:08 of 1st period - Snap shot by Marek Tvrdon.
10:08 of 1st period - Shot Misses the Net.
10:10 of 1st period - Snap shot by Josh Anderson.
10:10 of 1st period - Stopped by Jean-Francois Berube with a rebound.
11:06 of 1st period - Penalty Shot by Connor Brown for Senators.
11:06 of 1st period - Backhand shot by Connor Brown.
11:06 of 1st period - Goal by Connor Brown - Wolves : 0 - Senators : 1.
11:07 of 1st period - Philip McRae wins face-off versus Kevin Lynch in neutral zone.
11:08 of 1st period - Joakim Nordstrom wins face-off versus Josh Leivo in Senators zone.
11:44 of 1st period - Philip McRae beats up Marek Tvrdon.
11:44 of 1st period - Penalty to Philip McRae for Fighting.
11:44 of 1st period - Penalty to Marek Tvrdon for Fighting.
11:45 of 1st period - Colton Sissons wins face-off versus Ryan Craig in Senators zone.
12:01 of 1st period - Icing by Andre Benoit.
12:02 of 1st period - Colton Sissons wins face-off versus Ryan Craig in Wolves zone.
12:02 of 1st period - Colton Sissons is hit by Mike Brown.
12:56 of 1st period - Minor Penalty to Joe Finley for Holding Stick.
12:57 of 1st period - Colin Greening wins face-off versus Joakim Nordstrom in Senators zone.
14:01 of 1st period - Connor Brown is hit by Colton Sissons and loses puck.
14:19 of 1st period - Griffin Reinhart is hit by Blair Jones and loses puck.
14:56 of 1st period - Penalty to Joe Finley is over, Joe Finley is back on ice.
15:39 of 1st period - Josh Leivo is hit by Scott Kosmachuk and loses puck.
16:04 of 1st period - Minor Penalty to Ryan Reaves for Hooking.
16:05 of 1st period - Evan Rankin wins face-off versus Colton Orr in Wolves zone.
16:14 of 1st period - Snap shot by Greg Nemisz.
16:14 of 1st period - Stopped by Jared Coreau with a rebound.
16:16 of 1st period - Snap shot by Greg Nemisz.
16:16 of 1st period - Stopped by Jared Coreau with a rebound.
16:18 of 1st period - Snap shot by Greg Nemisz.
16:18 of 1st period - Shot Misses the Net.
16:44 of 1st period - Penalty to Marek Tvrdon is over, Marek Tvrdon is back on ice.
16:59 of 1st period - Off-side.
17:00 of 1st period - Blair Jones wins face-off versus Ryan Craig in neutral zone.
17:51 of 1st period - Griffin Reinhart is hit by Blair Jones and loses puck.
18:00 of 1st period - Snap shot by Andre Benoit.
18:00 of 1st period - Shot Misses the Net.
18:02 of 1st period - Slapshot by Matt Donovan.
18:02 of 1st period - Shot Misses the Net.
18:04 of 1st period - Penalty to Ryan Reaves is over, Ryan Reaves is back on ice.
19:03 of 1st period - Off-side.
19:04 of 1st period - Darcy Zajac wins face-off versus Kevin Lynch in neutral zone.
19:42 of 1st period - Icing by Connor Brown.
19:43 of 1st period - Colton Sissons wins face-off versus Darcy Zajac in Senators zone.
19:48 of 1st period - Snap shot by Joe Whitney.
19:48 of 1st period - Shot Misses the Net.
19:50 of 1st period - Slapshot by Eric Baier.
19:50 of 1st period - Stopped by Jean-Francois Berube with a rebound.
19:52 of 1st period - Slapshot by Eric Baier.
19:52 of 1st period - Stopped by Jean-Francois Berube without a rebound.
19:53 of 1st period - Evan Trupp wins face-off versus Sebastian Wannstrom in Senators zone.
19:53 of 1st period - Evan Trupp is hit by Sebastian Wannstrom.
Goals for this period are 0 for Wolves vs 1 for Senators.
Shots for this period are 11 for Wolves vs 5 for Senators.

2nd period


0:01 of 2nd period - Joakim Nordstrom wins face-off versus Mike Brown in neutral zone.
0:51 of 2nd period - Philip McRae is hit by Blair Jones and loses puck.
1:10 of 2nd period - Matt Donovan is hit by Griffin Reinhart and loses puck.
1:53 of 2nd period - Minor Penalty to Stefan Noesen for Slashing.
1:54 of 2nd period - Colin Greening wins face-off versus Colton Sissons in Senators zone.
2:23 of 2nd period - Slapshot by Joakim Nordstrom.
2:23 of 2nd period - Shot Blocked by Viktor Loov.
2:25 of 2nd period - Wrist shot by Ryan Reaves.
2:25 of 2nd period - Shot Misses the Net.
2:27 of 2nd period - Wrist shot by Ryan Reaves.
2:27 of 2nd period - Wolves goal is going for a video replay.
2:27 of 2nd period - The goal is good.
2:27 of 2nd period - Goal by Ryan Reaves - Wolves : 1 - Senators : 1.
2:28 of 2nd period - Marek Tvrdon wins face-off versus Evan Trupp in neutral zone.
2:40 of 2nd period - Slapshot by Josh Anderson.
2:40 of 2nd period - Shot Blocked by Matt Finn.
2:42 of 2nd period - Wrist shot by Marek Tvrdon.
2:42 of 2nd period - Shot Hit the Post.
2:44 of 2nd period - Wrist shot by Sebastian Wannstrom.
2:44 of 2nd period - Stopped by Jean-Francois Berube without a rebound.
2:45 of 2nd period - Evan Trupp wins face-off versus Sebastian Wannstrom in Senators zone.
3:06 of 2nd period - Wrist shot by Evan Trupp.
3:06 of 2nd period - Stopped by Jared Coreau with a rebound.
3:14 of 2nd period - Matt Finn is hit by Joe Piskula and loses puck.
3:31 of 2nd period - Blair Jones is hit by Colin Greening and loses puck.
3:40 of 2nd period - Ryan Craig is hit by Blair Jones and loses puck.
3:45 of 2nd period - Wrist shot by Matt Donovan.
3:45 of 2nd period - Stopped by Jean-Francois Berube with a rebound.
3:47 of 2nd period - Wrist shot by Andre Benoit.
3:47 of 2nd period - Deflect By Ryan Reaves.
3:47 of 2nd period - Shot Blocked by Griffin Reinhart.
3:47 of 2nd period - Puck is out of play.
3:48 of 2nd period - Philip McRae wins face-off versus Colton Sissons in Senators zone.
4:01 of 2nd period - Andre Benoit is hit by Jesse Blacker and loses puck.
4:58 of 2nd period - Icing by Jesse Blacker.
4:59 of 2nd period - Ryan Craig wins face-off versus Sebastian Wannstrom in Senators zone.
5:06 of 2nd period - Marek Tvrdon is hit by Ryan Craig and loses puck.
5:29 of 2nd period - Colin Greening is hit by Marek Tvrdon and loses puck.
5:55 of 2nd period - Snap shot by Evan Trupp.
5:55 of 2nd period - Stopped by Jared Coreau with a rebound.
6:07 of 2nd period - Tom Nilsson is hit by Ryan Reaves and loses puck.
6:17 of 2nd period - Off-side.
6:18 of 2nd period - Philip McRae wins face-off versus Colton Sissons in neutral zone.
6:37 of 2nd period - Slapshot by Andre Benoit.
6:37 of 2nd period - Shot Misses the Net.
6:39 of 2nd period - Snap shot by Joe Whitney.
6:39 of 2nd period - Stopped by Jean-Francois Berube with a rebound.
6:41 of 2nd period - Snap shot by Matt Donovan.
6:41 of 2nd period - Shot Misses the Net.
6:43 of 2nd period - Wrist shot by Andre Benoit.
6:43 of 2nd period - Shot Misses the Net.
7:57 of 2nd period - Kenny Ryan and Ryan Reaves fight to a draw.
7:57 of 2nd period - Penalty to Kenny Ryan for Fighting.
7:57 of 2nd period - Penalty to Ryan Reaves for Fighting.
7:58 of 2nd period - Evan Trupp wins face-off versus Joakim Nordstrom in Senators zone.
8:59 of 2nd period - Icing by Adam Pelech.
9:00 of 2nd period - Ryan Craig wins face-off versus Kevin Lynch in Wolves zone.
9:07 of 2nd period - Slapshot by Colin Greening.
9:07 of 2nd period - Shot Blocked by Adam Pelech.
9:13 of 2nd period - Ryan Craig is hit by Kevin Lynch and loses puck.
10:52 of 2nd period - Snap shot by Evan Rankin.
10:52 of 2nd period - Shot Misses the Net.
10:58 of 2nd period - Wrist shot by Evan Rankin.
10:58 of 2nd period - Stopped by Jean-Francois Berube with a rebound.
11:40 of 2nd period - Josh Leivo is hit by Blair Jones and loses puck.
11:45 of 2nd period - Snap shot by Blair Jones.
11:45 of 2nd period - Stopped by Jean-Francois Berube with a rebound.
11:57 of 2nd period - Minor Penalty to Joe Whitney for Diving.
11:58 of 2nd period - Evan Rankin wins face-off versus Josh Leivo in Wolves zone.
12:57 of 2nd period - Penalty to Ryan Reaves is over, Ryan Reaves is back on ice.
13:14 of 2nd period - Icing by Ryan Craig.
13:15 of 2nd period - Brian O'Neill wins face-off versus Ryan Craig in Senators zone.
13:18 of 2nd period - Snap shot by Blair Jones.
13:18 of 2nd period - Stopped by Jean-Francois Berube without a rebound.
13:19 of 2nd period - Kenny Ryan wins face-off versus Brian O'Neill in Senators zone.
13:30 of 2nd period - Wrist shot by Ryan Craig.
13:30 of 2nd period - Stopped by Jared Coreau with a rebound.
13:57 of 2nd period - Penalty to Joe Whitney is over, Joe Whitney is back on ice.
14:25 of 2nd period - Wrist shot by Stefan Noesen.
14:25 of 2nd period - Shot Misses the Net.
15:11 of 2nd period - Slapshot by Marek Tvrdon.
15:11 of 2nd period - Stopped by Jean-Francois Berube without a rebound.
15:12 of 2nd period - Colton Sissons wins face-off versus Evan Trupp in Senators zone.
15:36 of 2nd period - Wrist shot by Josh Leivo.
15:36 of 2nd period - Stopped by Jared Coreau without a rebound.
15:37 of 2nd period - Kevin Lynch wins face-off versus Philip McRae in Wolves zone.
15:37 of 2nd period - Kevin Lynch is hit by Josh Leivo.
16:05 of 2nd period - Slapshot by Matt Donovan.
16:05 of 2nd period - Shot Blocked by Colin Greening.
16:27 of 2nd period - Snap shot by Marek Tvrdon.
16:27 of 2nd period - Shot Misses the Net.
16:29 of 2nd period - Slapshot by Sebastian Wannstrom.
16:29 of 2nd period - Shot Misses the Net.
16:31 of 2nd period - Wrist shot by Marek Tvrdon.
16:31 of 2nd period - Stopped by Jean-Francois Berube without a rebound.
16:32 of 2nd period - Evan Trupp wins face-off versus Sebastian Wannstrom in Senators zone.
16:43 of 2nd period - Snap shot by Stefan Noesen.
16:43 of 2nd period - Deflect By Marek Tvrdon.
16:43 of 2nd period - Shot Blocked by Marek Tvrdon.
16:43 of 2nd period - Puck is out of play.
16:44 of 2nd period - Colton Sissons wins face-off versus Evan Trupp in Wolves zone.
18:32 of 2nd period - Snap shot by Sebastian Wannstrom.
18:32 of 2nd period - Shot Blocked by Viktor Loov.
18:34 of 2nd period - Snap shot by Marek Tvrdon.
18:34 of 2nd period - Stopped by Jean-Francois Berube with a rebound.
18:36 of 2nd period - Slapshot by Eric Baier.
18:36 of 2nd period - Shot Blocked by Ryan Craig.
18:42 of 2nd period - Minor Penalty to Mike Brown for Holding.
18:43 of 2nd period - Colton Sissons wins face-off versus Colin Greening in Senators zone.
18:52 of 2nd period - Snap shot by Joe Whitney.
18:52 of 2nd period - Stopped by Jean-Francois Berube without a rebound.
18:53 of 2nd period - Colton Sissons wins face-off versus Colin Greening in Senators zone.
19:22 of 2nd period - Wrist shot by Joe Whitney.
19:22 of 2nd period - Deflect By Brian O'Neill.
19:22 of 2nd period - Shot Misses the Net.
19:22 of 2nd period - Puck is out of play.
19:23 of 2nd period - Connor Brown wins face-off versus Joakim Nordstrom in Senators zone.
19:36 of 2nd period - Wrist shot by Joakim Nordstrom.
19:36 of 2nd period - Shot Misses the Net.
19:43 of 2nd period - Icing by Blair Jones.
19:44 of 2nd period - Blair Jones wins face-off versus Connor Brown in Wolves zone.
Goals for this period are 1 for Wolves vs 0 for Senators.
Shots for this period are 11 for Wolves vs 4 for Senators.

3rd period


0:01 of 3rd period - Colin Greening wins face-off versus Joakim Nordstrom in neutral zone.
0:13 of 3rd period - Slapshot by Joakim Nordstrom.
0:13 of 3rd period - Shot Misses the Net.
0:15 of 3rd period - Slapshot by Andre Benoit.
0:15 of 3rd period - Shot Misses the Net.
0:17 of 3rd period - Snap shot by Andre Benoit.
0:17 of 3rd period - Shot Misses the Net.
0:19 of 3rd period - Snap shot by Blair Jones.
0:19 of 3rd period - Stopped by Jean-Francois Berube with a rebound.
0:35 of 3rd period - Snap shot by Blair Jones.
0:35 of 3rd period - Shot Misses the Net.
0:37 of 3rd period - Slapshot by Andre Benoit.
0:37 of 3rd period - Shot Blocked by Jesse Blacker.
0:42 of 3rd period - Penalty to Mike Brown is over, Mike Brown is back on ice.
1:31 of 3rd period - Wrist shot by Josh Anderson.
1:31 of 3rd period - Shot Blocked by Jesse Blacker.
1:33 of 3rd period - Minor Penalty to Mike Brown for Roughing.
1:34 of 3rd period - Joakim Nordstrom wins face-off versus Connor Brown in Senators zone.
1:39 of 3rd period - Wrist shot by Joakim Nordstrom.
1:39 of 3rd period - Shot Misses the Net.
1:45 of 3rd period - Slapshot by Viktor Loov.
1:45 of 3rd period - Stopped by Jared Coreau without a rebound.
1:46 of 3rd period - Blair Jones wins face-off versus Connor Brown in Wolves zone.
2:54 of 3rd period - Wrist shot by Joe Whitney.
2:54 of 3rd period - Stopped by Jean-Francois Berube with a rebound.
3:04 of 3rd period - Joakim Nordstrom is hit by Viktor Loov.
3:22 of 3rd period - Joakim Nordstrom is hit by Darcy Zajac and loses puck.
3:33 of 3rd period - Penalty to Mike Brown is over, Mike Brown is back on ice.
3:39 of 3rd period - Marek Tvrdon is hit by Mike Brown and loses puck.
4:30 of 3rd period - Joe Whitney is hit by Kenny Ryan and loses puck.
5:31 of 3rd period - Josh Leivo is hit by Marek Tvrdon and loses puck.
6:04 of 3rd period - Slapshot by Ryan Reaves.
6:04 of 3rd period - Shot Blocked by Mike Brown.
6:12 of 3rd period - Matt Finn is hit by Ryan Reaves and loses puck.
6:27 of 3rd period - Ryan Sproul is hit by Matt Finn and loses puck.
6:44 of 3rd period - Wrist shot by Joakim Nordstrom.
6:44 of 3rd period - Stopped by Jean-Francois Berube with a rebound.
7:02 of 3rd period - Connor Brown is hit by Ryan Sproul and loses puck.
7:23 of 3rd period - Wrist shot by Joe Whitney.
7:23 of 3rd period - Stopped by Jean-Francois Berube with a rebound.
7:25 of 3rd period - Slapshot by Andre Benoit.
7:25 of 3rd period - Deflect By Joe Whitney.
7:25 of 3rd period - Shot Blocked by Colin Greening.
7:25 of 3rd period - Puck is out of play.
7:26 of 3rd period - Colton Sissons wins face-off versus Evan Trupp in Senators zone.
8:09 of 3rd period - Snap shot by Matt Donovan.
8:09 of 3rd period - Shot Blocked by Josh Leivo.
8:17 of 3rd period - Wrist shot by Greg Nemisz.
8:17 of 3rd period - Shot Misses the Net.
8:19 of 3rd period - Wrist shot by Jesse Blacker.
8:19 of 3rd period - Deflect By Philip McRae.
8:19 of 3rd period - Shot Blocked by Matt Donovan.
8:19 of 3rd period - Puck is out of play.
8:19 of 3rd period - Jared Coreau from Wolves is injured at 8:19 of 3rd period (Torn Right Knee Ligaments).
8:19 of 3rd period - Evgeni Nabokov enters game.
8:20 of 3rd period - Ryan Craig wins face-off versus Joakim Nordstrom in Wolves zone.
8:33 of 3rd period - Matt Donovan is hit by Griffin Reinhart and loses puck.
8:47 of 3rd period - Slapshot by Matt Donovan.
8:47 of 3rd period - Deflect By Colin Greening.
8:47 of 3rd period - Stopped by Jean-Francois Berube with a rebound.
8:49 of 3rd period - Snap shot by Joakim Nordstrom.
8:49 of 3rd period - Shot Blocked by Griffin Reinhart.
8:51 of 3rd period - Slapshot by Matt Donovan.
8:51 of 3rd period - Stopped by Jean-Francois Berube without a rebound.
8:52 of 3rd period - Philip McRae wins face-off versus Colton Sissons in Senators zone.
8:57 of 3rd period - Brian O'Neill is hit by Joe Finley.
11:31 of 3rd period - Minor Penalty to Stefan Noesen for Holding.
11:32 of 3rd period - Colton Sissons wins face-off versus Colin Greening in Senators zone.
11:35 of 3rd period - Slapshot by Matt Donovan.
11:35 of 3rd period - Shot Blocked by Colin Greening.
11:37 of 3rd period - Slapshot by Andre Benoit.
11:37 of 3rd period - Stopped by Jean-Francois Berube with a rebound.
12:07 of 3rd period - Backhand shot by Andre Benoit.
12:07 of 3rd period - Deflect By Joakim Nordstrom.
12:07 of 3rd period - Shot Blocked by Jesse Blacker.
12:07 of 3rd period - Puck is out of play.
12:08 of 3rd period - Colin Greening wins face-off versus Ryan Reaves in Senators zone.
12:37 of 3rd period - Joe Finley is hit by Joe Piskula and loses puck.
12:50 of 3rd period - Snap shot by Colin Greening.
12:50 of 3rd period - Stopped by Evgeni Nabokov without a rebound.
12:51 of 3rd period - Joakim Nordstrom wins face-off versus Colin Greening in Wolves zone.
12:58 of 3rd period - Slapshot by Matt Donovan.
12:58 of 3rd period - Stopped by Jean-Francois Berube with a rebound.
13:12 of 3rd period - Blair Jones is hit by Mike Brown and loses puck.
13:25 of 3rd period - Slapshot by Brian O'Neill.
13:25 of 3rd period - Stopped by Jean-Francois Berube with a rebound.
13:31 of 3rd period - Penalty to Stefan Noesen is over, Stefan Noesen is back on ice.
13:51 of 3rd period - Greg Nemisz and Eric Baier fight to a draw.
13:51 of 3rd period - Penalty to Greg Nemisz for Fighting.
13:51 of 3rd period - Penalty to Eric Baier for Fighting.
13:52 of 3rd period - Philip McRae wins face-off versus Sebastian Wannstrom in Senators zone.
14:35 of 3rd period - Minor Penalty to Joe Finley for Hooking.
14:36 of 3rd period - Colin Greening wins face-off versus Joakim Nordstrom in Senators zone.
14:47 of 3rd period - Slapshot by Colin Greening.
14:47 of 3rd period - Stopped by Evgeni Nabokov with a rebound.
14:49 of 3rd period - Wrist shot by Ryan Craig.
14:49 of 3rd period - Shot Misses the Net.
15:05 of 3rd period - Slapshot by Joakim Nordstrom.
15:05 of 3rd period - Shot Blocked by Griffin Reinhart.
15:53 of 3rd period - Brian O'Neill is hit by Mike Brown and loses puck.
16:20 of 3rd period - Griffin Reinhart is hit by Blair Jones and loses puck.
16:35 of 3rd period - Penalty to Joe Finley is over, Joe Finley is back on ice.
16:43 of 3rd period - Colton Sissons is hit by Josh Leivo and loses puck.
16:50 of 3rd period - Griffin Reinhart is hit by Colton Sissons and loses puck.
17:12 of 3rd period - Slapshot by Evan Trupp.
17:12 of 3rd period - Shot Misses the Net.
17:14 of 3rd period - Slapshot by Matt Finn.
17:14 of 3rd period - Shot Blocked by Ryan Sproul.
17:16 of 3rd period - Snap shot by Stefan Noesen.
17:16 of 3rd period - Shot Misses the Net.
17:37 of 3rd period - Slapshot by Evan Trupp.
17:37 of 3rd period - Deflect By Kenny Ryan.
17:37 of 3rd period - Shot Misses the Net.
17:37 of 3rd period - Puck is out of play.
17:38 of 3rd period - Kevin Lynch wins face-off versus Philip McRae in Wolves zone.
17:40 of 3rd period - Minor Penalty to Ryan Reaves for Roughing.
17:41 of 3rd period - Philip McRae wins face-off versus Evan Rankin in Wolves zone.
17:53 of 3rd period - Snap shot by Josh Leivo.
17:53 of 3rd period - Deflect By Philip McRae.
17:53 of 3rd period - Stopped by Evgeni Nabokov without a rebound.
17:54 of 3rd period - Evan Rankin wins face-off versus Philip McRae in Wolves zone.
18:47 of 3rd period - Colin Greening is hit by Blair Jones and loses puck.
18:51 of 3rd period - Penalty to Eric Baier is over, Eric Baier is back on ice.
19:05 of 3rd period - Matt Donovan is hit by Philip McRae and loses puck.
19:32 of 3rd period - Joe Whitney is hit by Joe Finley and loses puck.
19:40 of 3rd period - Penalty to Ryan Reaves is over, Ryan Reaves is back on ice.
Goals for this period are 0 for Wolves vs 0 for Senators.
Shots for this period are 9 for Wolves vs 4 for Senators.

Overtime #1


0:01 of 1st overtime period - Colin Greening wins face-off versus Ryan Reaves in neutral zone.
0:22 of 1st overtime period - Wrist shot by Joakim Nordstrom.
0:22 of 1st overtime period - Deflect By Ryan Reaves.
0:22 of 1st overtime period - Shot Misses the Net.
0:22 of 1st overtime period - Puck is out of play.
0:23 of 1st overtime period - Ryan Reaves wins face-off versus Colin Greening in Senators zone.
1:05 of 1st overtime period - Ryan Reaves is hit by Colin Greening and loses puck.
1:24 of 1st overtime period - Snap shot by Ryan Craig.
1:24 of 1st overtime period - Shot Misses the Net.
1:47 of 1st overtime period - Snap shot by Colton Orr.
1:47 of 1st overtime period - Shot Misses the Net.
2:02 of 1st overtime period - Griffin Reinhart is hit by Scott Kosmachuk and loses puck.
2:23 of 1st overtime period - Wrist shot by Blair Jones.
2:23 of 1st overtime period - Stopped by Jean-Francois Berube without a rebound.
2:24 of 1st overtime period - Evan Rankin wins face-off versus Colin Greening in Senators zone.
2:33 of 1st overtime period - Wrist shot by Evan Rankin.
2:33 of 1st overtime period - Shot Misses the Net.
2:51 of 1st overtime period - Wrist shot by Evan Rankin.
2:51 of 1st overtime period - Deflect By Blair Jones.
2:51 of 1st overtime period - Stopped by Jean-Francois Berube with a rebound.
2:55 of 1st overtime period - Snap shot by Blair Jones.
2:55 of 1st overtime period - Shot Blocked by Colin Greening.
3:42 of 1st overtime period - Wrist shot by Matt Donovan.
3:42 of 1st overtime period - Shot Blocked by Griffin Reinhart.
3:44 of 1st overtime period - Slapshot by Andre Benoit.
3:44 of 1st overtime period - Shot Misses the Net.
3:46 of 1st overtime period - Slapshot by Andre Benoit.
3:46 of 1st overtime period - Shot Misses the Net.
3:56 of 1st overtime period - Joe Piskula is hit by Jesse Blacker.
4:43 of 1st overtime period - Slapshot by Viktor Loov.
4:43 of 1st overtime period - Shot Blocked by Evan Rankin.
4:55 of 1st overtime period - Andre Benoit is hit by Colton Orr and loses puck.
Goals for this period are 0 for Wolves vs 0 for Senators.
Shots for this period are 2 for Wolves vs 0 for Senators.

ShootOut


5:00 of 1st overtime period - Penalty Shot by Ryan Reaves for Wolves.
5:00 of 1st overtime period - Snap shot by Ryan Reaves.
5:00 of 1st overtime period - Stopped by Jean-Francois Berube.
5:00 of 1st overtime period - Penalty Shot by Colin Greening for Senators.
5:00 of 1st overtime period - Backhand shot by Colin Greening.
5:00 of 1st overtime period - Goal by Colin Greening.
5:00 of 1st overtime period - Penalty Shot by Joakim Nordstrom for Wolves.
5:00 of 1st overtime period - Snap shot by Joakim Nordstrom.
5:00 of 1st overtime period - Stopped by Jean-Francois Berube.
5:00 of 1st overtime period - Penalty Shot by Ryan Craig for Senators.
5:00 of 1st overtime period - Snap shot by Ryan Craig.
5:00 of 1st overtime period - Shot Misses the Net.
5:00 of 1st overtime period - Penalty Shot by Brian O'Neill for Wolves.
5:00 of 1st overtime period - Wrist shot by Brian O'Neill.
5:00 of 1st overtime period - Stopped by Jean-Francois Berube.